 Dungeon Crawl Stone Soup version 0.19.4 (webtiles) character file.

10883 Exaltedone87 the Cleaver (level 11, 0/87 HPs)
             Began as a Demonspawn Berserker on Feb 1, 2017.
             Was a High Priest of Trog.
             Killed by divine providence
             ... invoked by an orc priest
              (9 damage)
             ... on level 11 of the Dungeon.
             The game lasted 00:27:09 (10454 turns).

Exaltedone87 the Cleaver (Demonspawn Berserker)    Turns: 10454, Time: 00:27:11

Health: 0/87       AC: 18    Str: 21    XL:     11   Next: 42%
Magic:  0/11       EV: 11    Int:  8    God:    Trog [*****.]
Gold:   790        SH:  0    Dex: 13    Spells: 0 memorised, 10 levels left

rFire  . . .     SeeInvis .     d - +2 hand axe (chop)
rCold  + . .     Gourm    .     u - +0 chain mail
rNeg   . . .     Faith    .     (no shield)
rPois  .         Spirit   +     (no helmet)
rElec  .         Reflect  .     L - +1 cloak
rCorr  .         Harm     .     f - +1 pair of gloves
MR     .....                    (no boots)
Stlth  ..........               (no amulet)
                                w - ring of flight
                                i - ring of protection from cold

@: exhausted, very slightly contaminated, hasted and slowed
A: talons 1, icy blue scales 2, spiny 1, magic shield, magic regeneration
a: Berserk, Trog's Hand, Brothers in Arms, Burn Spellbooks, Renounce Religion,
Evoke Flight


You were on level 11 of the Dungeon.
You worshipped Trog.
Trog was extremely pleased with you.
You were very hungry.

You visited 1 branch of the dungeon, and saw 11 of its levels.

You collected 790 gold pieces.

Inventory:

Hand Weapons
 d - a +2 hand axe of chopping (weapon)
 q - a +0 flail
 y - a +0 war axe
Armour
 f - a +1 pair of gloves (worn)
 u - a +0 chain mail (worn)
 L - a +1 cloak (worn)
Jewellery
 i - a ring of protection from cold (left hand)
 w - a ring of flight (right hand)
Wands
 a - a wand of hasting (3/9)
 b - a wand of lightning (12/15)
 B - a wand of iceblast (8/15)
 H - a wand of random effects (26/48)
 I - a wand of paralysis (10/24)
 K - a wand of paralysis (14/24)
Scrolls
 e - 7 scrolls of teleportation
 m - 4 scrolls of remove curse
 n - 3 scrolls of recharging
 s - 3 scrolls of magic mapping
 v - a scroll of fear
 D - a scroll of blinking
 F - 2 scrolls of enchant armour
 G - a scroll of enchant weapon
Potions
 h - 3 potions of curing
 j - 3 potions of brilliance
 k - 4 potions of flight
 o - 2 potions of haste
 p - a potion of cancellation
 x - 2 potions of might
Comestibles
 c - 6 bread rations
 g - 4 beef jerkies
 l - 11 fruits
 t - 3 meat rations
 E - 9 slices of pizza
 N - 10 chunks of flesh


   Skills:
 + Level 8.9 Fighting
 * Level 10.8 Axes
 + Level 7.6 Armour
 + Level 7.7 Dodging


You had 10 spell levels left.
You didn't know any spells.

Dungeon Overview and Level Annotations

Branches:
Dungeon (11/15)            Temple (0/1) D:5            Lair (0/6) D:9
    Orc: D:9-12

Altars:
Beogh


Innate Abilities, Weirdness & Mutations

You have sharp toenails.
You are mostly covered in icy blue scales. (AC +3)
You are partially covered in sharp spines.
When hurt, damage is shared between your health and your magic reserves.
You regenerate magic rapidly.


Message History

The orc warrior is struck by your spines.
The orc warrior hits you with a short sword.
* * * LOW HITPOINT WARNING * * *
You feel better.
The orc priest looks satisfied for a moment.
The orc priest is struck by your spines.
The orc priest closely misses you.
The orc warrior hits you with a short sword!
* * * LOW HITPOINT WARNING * * *
You feel yourself speed up.
The orc warrior is struck by your spines.
The orc warrior closely misses you.
The orc priest casts a cantrip, but nothing happens.
The orc priest is struck by your spines.
The orc priest closely misses you.
The orc warrior hits you but does no damage.
You are very lightly contaminated with residual magic.
The orc priest mumbles some strange prayers to Beogh against you.
Beogh smites you!
You die...

##+###### #.......#
#.......####$.......
#.......'.##.$......
#.^.....#.##........
#.......#@##o..o....
+...<...#)##ooo.....
#....(..#oo#oooo$...
#.......##o#[)$$....
#....!..##oo..o.o...
##+#########o)o.....
#######+#


You could see an orc warrior, 2 orc priests and 3 orcs.

Vanquished Creatures
  Erolcha (D:9)
  An unseen horror (D:10)
  Pikel (D:7)
  A hill giant (D:10)
  2 centaur skeletons
  3 hippogriffs
  A vampire (D:10)
  3 hungry ghosts
  3 yaks (D:10)
  4 hogs (D:7)
  Eustachio (D:5)
  A human (D:7)
  A water moccasin (D:7)
  4 sky beasts
  15 orc warriors
  An ice beast (D:6)
  3 black bears
  4 ogres
  A necrophage (D:10)
  2 phantoms
  A crocodile (D:7)
  2 centaurs
  4 bullfrogs
  A wyvern skeleton (D:8)
  4 scorpions
  9 killer bees (D:8)
  2 electric eels (D:10)
  3 howler monkeys
  3 bullfrog zombies
  3 crimson imps
  2 centaur zombies
  A quasit (D:7)
  A gnoll shaman (D:10)
  9 orc priests
  2 jellies
  12 orc wizards
  2 iguanas
  7 worker ants
  A killer bee zombie (D:6)
  A hound zombie (D:9)
  3 hound skeletons
  5 gnolls (D:10)
  13 adders
  2 shadow imps
  2 oozes (D:6)
  An adder zombie (D:5)
  2 worms
  4 dart slugs (D:1)
  4 leopard geckos
  71 orcs
  8 bats
  6 giant cockroaches
  8 goblins
  10 hobgoblins
  9 jackals
  6 quokkas
  A ball python (D:2)
  6 frilled lizards
  A giant cockroach zombie (D:6)
  9 kobolds
  A leopard gecko skeleton (D:8)
  11 rats
306 creatures vanquished.

Vanquished Creatures (others)
  A slave (D:7)
  A bullfrog (D:7)
  A scorpion (D:7)
3 creatures vanquished.

Grand Total: 309 creatures vanquished

Notes
Turn   | Place    | Note
-------+----------+-------------------------------------------
     0 | D:1      | Exaltedone87 the Demonspawn Berserker began the quest for the Orb.
     0 | D:1      | Reached XP level 1. HP: 18/18 MP: 1/1
   518 | D:1      | Gained mutation: You are partially covered in sharp spines. [demonic ancestry]
   518 | D:1      | Reached XP level 2. HP: 10/24 MP: 2/2
   528 | D:1      | Reached skill level 3 in Axes
  1021 | D:1      | Gained mutation: When hurt, damage is shared between your health and your magic reserves. [demonic ancestry]
  1021 | D:1      | Reached XP level 3. HP: 29/29 MP: 3/3
  1248 | D:1      | Reached ** piety under Trog
  1377 | D:2      | Found a faded altar of an unknown god.
  1608 | D:2      | Gained mutation: You have sharp toenails. [demonic ancestry]
  1608 | D:2      | Reached XP level 4. HP: 30/35 MP: 2/4
  2310 | D:3      | Reached *** piety under Trog
  2514 | D:3      | Reached XP level 5. HP: 30/42 MP: 1/5
  2981 | D:4      | You fall through a shaft!
  2981 | D:5      | Entered Level 5 of the Dungeon
  3014 | D:5      | Found a staircase to the Ecumenical Temple.
  3056 | D:5      | Reached skill level 4 in Axes
  3078 | D:5      | Noticed a centaur
  3084 | D:5      | Killed a centaur
  3084 | D:5      | Reached XP level 6. HP: 40/48 MP: 6/6
  3101 | D:5      | Noticed a sky beast
  3112 | D:5      | Killed a sky beast
  3456 | D:4      | Gained mutation: You regenerate magic rapidly. [demonic ancestry]
  3456 | D:4      | Reached XP level 7. HP: 55/55 MP: 7/7
  3643 | D:4      | Reached skill level 5 in Axes
  4252 | D:5      | Noticed Eustachio
  4262 | D:5      | Killed Eustachio
  4262 | D:5      | Reached skill level 5 in Fighting
  4415 | D:6      | Reached **** piety under Trog
  4415 | D:6      | Received a gift from Trog
  4538 | D:6      | Reached XP level 8. HP: 62/62 MP: 8/8
  4549 | D:6      | Reached skill level 6 in Axes
  4839 | D:6      | Reached skill level 7 in Axes
  4929 | D:6      | Reached skill level 5 in Armour
  5115 | D:6      | Reached skill level 5 in Dodging
  5236 | D:7      | Reached XP level 9. HP: 67/69 MP: 9/9
  5283 | D:7      | Noticed Pikel
  5294 | D:7      | Killed Pikel
  5571 | D:7      | Reached skill level 8 in Axes
  6270 | D:8      | Gained mutation: You are partially covered in icy blue scales. (AC +2) [demonic ancestry]
  6270 | D:8      | Reached XP level 10. HP: 75/79 MP: 10/10
  6276 | D:8      | Reached ***** piety under Trog
  6286 | D:8      | Reached skill level 9 in Axes
  6842 | D:8      | Found a roughly hewn altar of Beogh.
  7725 | D:8      | Received a gift from Trog
  8502 | D:9      | Noticed Erolcha
  8514 | D:9      | Killed Erolcha
  8514 | D:9      | Reached skill level 10 in Axes
  8588 | D:9      | Found a staircase to the Lair.
  9020 | D:10     | Entered Level 10 of the Dungeon
  9361 | D:10     | Noticed a hill giant
  9375 | D:10     | Killed a hill giant
  9375 | D:10     | Gained mutation: You are mostly covered in icy blue scales. (AC +3) [demonic ancestry]
  9375 | D:10     | Reached XP level 11. HP: 12/87 MP: 1/11
  9750 | D:10     | Killed an unseen horror
 10366 | D:11     | Received a gift from Trog
 10454 | D:11     | Killed from afar by an orc priest

Skill      XL: |  1  2  3  4  5  6  7  8  9 10 |
---------------+-------------------------------+-----
Axes           | 3 4 5 7 8 10 | 10.8
Armour         | 2 3 4 5 6 7 |  7.6
Dodging        | 2 3 4 5 6 7 |  7.7
Fighting       | 4 5 6 7 8 |  8.9

Action                   |  1- 3 |  4- 6 |  7- 9 | 10-12 || total
-------------------------+-------+-------+-------+-------++-------
Melee: Hand axe          |    82 |   136 |   244 |   426 ||   888
       Kick              |       |    35 |    61 |   145 ||   241
Invok: Trog's Hand       |       |       |       |     4 ||     4
       Berserk           |       |       |       |     3 ||     3
       Burn Spellbooks   |       |       |       |     2 ||     2
 Abil: Evoke Flight      |       |       |       |     1 ||     1
  Use: Scroll            |       |    10 |     5 |     8 ||    23
       Potion            |       |     1 |       |     5 ||     6
  Eat: Chunk             |     2 |     3 |     7 |     6 ||    18
       Bread ration      |       |     1 |     1 |     1 ||     3
       Fruit             |       |       |     4 |       ||     4
       Pizza             |       |       |     1 |       ||     1
       Meat ration       |       |       |       |     1 ||     1
Armor: Ring mail         |    15 |     9 |       |       ||    24
       Animal skin       |     2 |       |       |       ||     2
       Chain mail        |       |    83 |   125 |   177 ||   385
Dodge: Dodged            |    40 |    46 |   102 |   175 ||   363
